Map: Abyssal Reef LE

Players

stakiimaN (stakimaN)

  • Race: Zerg Zerg
  • Spawn Location: 5:00

HateMe - Winner!

  • Race: Zerg Zerg
  • Spawn Location: 11:00

Event: WCS Valencia 2017

VOD

Have the link to the VOD?

Description

Time

  • Played on: July 13, 2017, 9:34 a.m.
  • Length: 13:38

All games in this series

Show
View Real Time Build Order
Export as new Build Order

stakiimaN Zerg 

Build Orders: Hatch First 

Get SALT Encoding   

  12  0:00  Drone  
  13  0:12  Overlord  
  13  0:16  Drone  
  14  0:30  Drone x2  
  14  0:34  Drone  
  17  0:51  Hatchery  
  17  0:53  Drone  
  17  0:57  Drone  
  17  1:04  Extractor  
  17  1:12  Spawning Pool  
  17  1:15  Drone  
  17  1:18  Drone  
  18  1:27  Drone  
  19  1:38  Overlord  
  19  1:59  Queen, Zergling x2  
  19  2:00  Zergling x2  
  23  2:03  Queen  
  23  2:04  Zergling x2  
  23  2:05  Metabolic Boost  
  26  2:10  Drone  
  26  2:15  Drone  
  28  2:23  Drone  
  28  2:25  Drone  
  30  2:32  Drone  
  30  2:37  Drone  
  32  2:42  Hatchery  
  32  2:44  Drone  
  32  2:53  Baneling Nest  
  32  2:54  Zergling x2  
  32  2:55  Zergling x2  
  33  3:01  Overlord  
  33  3:06  Drone x2  
  33  3:07  Drone  
  36  3:20  Drone x5  
  36  3:21  Drone  
  42  3:28  Overlord  
  42  3:30  Drone  
  42  3:32  Evolution Chamber  
  42  3:38  Drone  
  42  3:40  Drone  
  43  3:50  Drone x5  
  43  3:51  Drone  
  43  3:53  Baneling  
  43  3:54  Baneling  
  49  3:56  Overlord  
  49  3:58  Extractor  
  48  4:06  Roach Warren  
  48  4:07  Drone x2  
  48  4:08  Drone  
  50  4:10  Extractor  
  50  4:12  Baneling x2  
  50  4:13  Baneling  
  50  4:14  Zergling x2  
  50  4:15  Zergling x2  
  50  4:16  Baneling  
  51  4:19  Overlord  
  49  4:40  Drone  
  49  4:41  Queen, Drone x8  
  49  4:45  Zerg Missile Weapons Level 1  
  60  4:46  Lair  
  60  4:51  Overlord  
  60  4:53  Drone  
  60  4:54  Drone x2  
  60  4:56  Roach  
  60  4:59  Drone  
  67  5:00  Drone  
  67  5:01  Roach  
  67  5:06  Baneling x2  
  69  5:07  Overlord  
  69  5:08  Roach  
  69  5:11  Roach x2  
  69  5:14  Roach  
  76  5:16  Extractor, Roach  
  76  5:20  Overlord  
  76  5:21  Overlord  
  77  5:23  Roach  
  77  5:25  Roach  
  77  5:27  Roach  
  82  5:33  Drone, Overlord  
  82  5:34  Drone x3  
  86  5:36  Drone  
  86  5:38  Extractor, Roach  
  86  5:41  Roach  
  90  5:47  Glial Reconstitution  
  90  5:48  Overlord  
  90  5:49  Drone  
  92  5:50  Drone x3  
  92  5:54  Roach x2  
  98  5:58  Roach x2  
  98  6:03  Roach  
  103  6:04  Roach  
  103  6:06  Zergling x2  
  103  6:11  Unknown, Roach x2  
  110  6:12  Hatchery  
  110  6:14  Roach  
  110  6:17  Roach  
  113  6:22  Overlord x4  
  113  6:24  Overlord  
  113  6:28  Roach x2  
  113  6:29  Roach  
  113  6:30  Roach  
  113  6:32  Overlord  
  121  6:45  Roach  
  121  6:46  Roach x5  
  133  7:01  Zerg Missile Weapons Level 2  
  133  7:02  Roach x3  
  133  7:05  Roach  
  133  7:06  Zergling x12  
  133  7:07  Zergling x6  
  150  7:10  Zergling x2  
  151  7:17  Roach  
  151  7:18  Roach  
  151  7:21  Roach  
  157  7:25  Roach  
  157  7:27  Zergling x6, Roach x3  
  166  7:31  Zergling x2, Roach  
  166  7:32  Zergling x2, Roach x2  
  166  7:34  Roach  
  166  7:36  Overlord  
  176  7:44  Zergling x2  
  166  7:45  Zergling x2, Roach  
  151  7:53  Roach x3  
  151  7:57  Roach x2  
  149  8:01  Overseer  
  149  8:05  Roach x2  
  141  8:07  Roach  
  141  8:08  Roach  
  140  8:13  Roach x2  
  140  8:18  Roach x2  
  140  8:19  Extractor  
  147  8:24  Roach x2  
  151  8:29  Zergling x2, Roach  
  154  8:35  Roach x6  
  154  8:38  Roach  
  168  8:41  Roach  
  168  8:42  Roach x2  
  168  8:46  Roach x3  
  180  8:52  Roach  
  180  8:53  Overlord x3  
  182  9:03  Roach  
  184  9:10  Overlord  
  175  9:19  Roach x13  
  175  9:23  Roach  
  167  9:28  Roach  
  167  9:29  Roach  
  167  9:30  Roach  
  162  9:33  Roach x6  
  162  9:34  Roach  
  150  9:41  Roach  
  150  9:44  Roach x6  
  158  9:53  Roach  
  158  9:54  Roach  
  158  9:55  Roach  
  158  9:56  Roach  
  158  9:59  Roach x3  
  172  10:06  Roach  
  176  10:07  Roach x2  
  176  10:08  Roach  
  176  10:09  Roach  
  176  10:10  Roach x2  
  176  10:12  Queen  
  176  10:13  Queen  
  190  10:15  Roach  
  190  10:16  Roach  
  190  10:18  Roach  
  198  10:21  Roach  
  198  10:23  Roach  
  200  10:31  Roach  
  200  10:32  Roach  
  200  10:46  Roach x3  
  200  10:47  Roach x2  
  194  10:50  Roach  
  194  10:52  Roach  
  194  10:53  Roach x2  
  194  10:55  Roach x4  
  196  10:58  Roach  
  196  11:00  Roach  
  196  11:01  Roach x3  
  196  11:03  Roach  
  184  11:05  Roach  
  184  11:07  Roach  
  184  11:09  Roach  
  164  11:11  Roach  
  164  11:13  Roach  
  164  11:18  Roach x2  
  148  11:19  Roach  
  148  11:21  Roach  
  148  11:23  Roach  
  138  11:26  Roach  
  138  11:27  Roach  
  138  11:29  Roach  
  138  11:32  Ravager x2  
  147  11:33  Ravager  
  147  11:35  Ravager  
  147  11:39  Roach x2  
  152  11:41  Roach  
  152  11:43  Roach  
  152  11:46  Roach x2  
  160  11:49  Roach  
  160  11:51  Roach  
  166  11:54  Roach  
  166  11:55  Roach  
  166  11:56  Roach  
  166  11:58  Roach x2  
  174  12:02  Roach x2  
  174  12:03  Roach  
  174  12:05  Roach  
  174  12:06  Roach  
  184  12:08  Roach  
  184  12:10  Roach  
  184  12:14  Roach  
  184  12:15  Roach  
  192  12:16  Roach  
  192  12:19  Roach  
  192  12:20  Roach  
  200  12:23  Roach  
  194  12:47  Roach  
  194  12:48  Roach  
  194  12:49  Roach x11  
  180  12:52  Roach  
  180  12:53  Roach  
  180  12:56  Roach  
  149  12:58  Roach  
  149  13:00  Roach  
  149  13:03  Roach  
  126  13:05  Roach  
  126  13:06  Roach  
  126  13:08  Roach  
  126  13:10  Roach  
  126  13:12  Roach  
  132  13:16  Roach  
  132  13:19  Roach  
  136  13:20  Overseer  
Show
View Real Time Build Order
Export as new Build Order

HateMe Zerg - Winner!

Build Orders: Hatch First 

Get SALT Encoding   

  12  0:02  Drone  
  13  0:12  Overlord  
  13  0:17  Drone  
  14  0:31  Drone x2  
  17  0:35  Drone  
  17  0:53  Hatchery  
  17  0:55  Drone  
  17  1:00  Drone  
  18  1:04  Extractor  
  17  1:15  Spawning Pool  
  17  1:17  Drone  
  17  1:21  Drone  
  18  1:30  Drone  
  19  1:43  Overlord  
  19  2:01  Queen  
  19  2:02  Zergling x2  
  19  2:03  Zergling x2  
  19  2:04  Queen  
  19  2:05  Metabolic Boost  
  25  2:09  Zergling x2  
  25  2:12  Drone  
  27  2:15  Drone  
  27  2:22  Drone  
  29  2:30  Drone  
  30  2:42  Hatchery  
  29  2:46  Drone  
  29  2:47  Drone  
  31  2:55  Baneling Nest  
  30  3:03  Zergling x4  
  30  3:05  Overlord  
  31  3:07  Drone  
  31  3:09  Drone  
  33  3:13  Drone  
  33  3:15  Drone  
  35  3:25  Drone x3  
  35  3:26  Zergling x2  
  39  3:36  Queen  
  39  3:40  Baneling x3  
  40  3:42  Zergling x2  
  40  3:43  Zergling x4  
  43  3:55  Baneling  
  43  3:56  Baneling, Overlord  
  43  3:58  Drone x4  
  43  3:59  Drone  
  48  4:04  Evolution Chamber  
  48  4:05  Drone x2  
  48  4:08  Drone  
  50  4:13  Overlord  
  46  4:30  Zerg Missile Weapons Level 1  
  46  4:33  Drone  
  46  4:34  Drone x7  
  46  4:35  Overlord  
  46  4:37  Roach Warren  
  51  4:42  Lair  
  51  4:46  Zergling x6  
  51  4:50  Extractor  
  51  4:51  Extractor  
  51  4:52  Drone  
  53  4:55  Zergling x6  
  53  4:58  Overlord  
  53  4:59  Drone  
  57  5:03  Drone  
  57  5:04  Drone  
  57  5:05  Baneling  
  57  5:06  Baneling  
  57  5:07  Drone  
  60  5:10  Drone  
  60  5:11  Drone x2  
  63  5:19  Drone  
  63  5:20  Drone x6  
  70  5:22  Overlord  
  70  5:26  Drone x2  
  69  5:31  Drone  
  69  5:35  Extractor  
  69  5:37  Extractor  
  69  5:38  Extractor, Drone x4  
  69  5:40  Glial Reconstitution  
  69  5:41  Overseer  
  70  5:44  Drone x2  
  70  5:49  Overlord  
  72  5:50  Roach x3  
  72  5:52  Roach  
  72  5:54  Roach  
  81  6:06  Drone  
  81  6:08  Drone x2  
  81  6:10  Roach x6  
  96  6:18  Overlord  
  96  6:23  Zerg Missile Weapons Level 2  
  96  6:24  Hatchery  
  96  6:25  Roach  
  97  6:29  Overlord  
  97  6:31  Overlord  
  97  6:38  Roach x4  
  105  6:42  Overlord x2  
  105  6:50  Roach x5  
  105  6:53  Roach  
  105  6:54  Roach x2  
  121  6:56  Overlord  
  121  7:03  Roach x4  
  121  7:08  Infestation Pit  
  128  7:09  Drone x2  
  128  7:14  Baneling x2  
  130  7:16  Extractor, Roach x4  
  130  7:20  Extractor  
  130  7:22  Roach  
  140  7:23  Roach x2  
  140  7:26  Roach x2  
  140  7:28  Overlord  
  146  7:31  Overlord  
  145  7:38  Roach  
  145  7:39  Roach x2  
  145  7:43  Roach  
  145  7:44  Roach x3  
  125  7:54  Roach  
  125  7:55  Roach x6  
  121  7:59  Roach x2  
  121  8:01  Roach  
  116  8:06  Roach x3  
  116  8:10  Roach x2  
  126  8:15  Roach x3  
  126  8:16  Ravager x3  
  126  8:17  Ravager  
  126  8:18  Roach  
  138  8:24  Roach  
  138  8:25  Roach x2  
  144  8:28  Roach x2  
  148  8:40  Zerg Ground Armor Level 1, Roach x4  
  156  8:43  Overlord  
  156  8:46  Roach x2  
  160  8:52  Roach x3  
  166  8:56  Roach  
  166  9:00  Overlord  
  166  9:01  Overlord  
  168  9:03  Roach  
  168  9:04  Roach  
  168  9:08  Roach x2  
  176  9:10  Overseer x2  
  170  9:17  Roach x4  
  170  9:21  Roach x2  
  170  9:24  Unknown x2  
  150  9:26  Roach  
  150  9:27  Roach x2  
  153  9:32  Roach x3  
  153  9:35  Roach  
  153  9:38  Roach x2  
  143  9:46  Roach x4  
  143  9:51  Roach  
  143  9:52  Roach x2  
  157  9:56  Overlord  
  157  9:57  Infestor  
  157  9:59  Infestor  
  161  10:02  Infestor  
  163  10:08  Ravager x4  
  163  10:09  Ravager x4  
  163  10:10  Ravager  
  163  10:12  Roach  
  176  10:14  Roach  
  176  10:18  Roach x2  
  176  10:21  Roach  
  182  10:22  Roach  
  182  10:24  Roach  
  182  10:28  Burrow  
  186  10:31  Roach x2  
  190  10:40  Roach Warren  
  175  11:02  Infestor x3  
  115  11:21  Roach x18  
  145  11:29  Roach x10  
  145  11:30  Tunneling Claws, Roach x2  
  149  11:33  Roach  
  149  11:34  Roach  
  149  11:37  Roach  
  149  11:38  Roach  
  157  11:40  Ravager  
  157  11:41  Ravager  
  157  11:42  Roach  
  157  11:44  Roach  
  163  11:47  Roach  
  163  11:52  Roach  
  167  11:55  Evolution Chamber  
  167  11:58  Roach x3  
  172  12:02  Overlord  
  172  12:05  Overlord  
  172  12:07  Roach  
  174  12:13  Roach  
  176  12:17  Overlord  
  176  12:24  Overlord  
  176  12:25  Pneumatized Carapace  
  176  12:26  Overlord  
  176  12:27  Roach x3  
  176  12:29  Roach  
  184  12:32  Overlord  
  184  12:34  Overseer  
  162  12:55  Roach x10  
  144  13:00  Roach x2  
  136  13:06  Roach  
  136  13:07  Roach x2  
Tags
 
Add a new tag
Caveats
  • Supply blocks, unpowered buildings, or Contaminate may cause inaccurate times.
  • Supply counts are checked every 10 seconds.